 Dungeon Crawl Stone Soup version 0.31.0-32-g396128a36d (webtiles) character file.

Game seed: 10090149369773426074

6213 Lungfish the Grappler (level 10, -11/98 HPs)
             Began as a Troll Shapeshifter on Mar 26, 2024.
             Mangled by an orc knight
             ... wielding a +0 war axe
              (22 damage)
             ... in a bailey.
             The game lasted 00:31:19 (7410 turns).

Lungfish the Grappler (Troll Shapeshifter)          Turns: 7410, Time: 00:31:19

Health: -11/98     AC:  8    Str: 26    XL:     10   Next: 61%
Magic:  9/9        EV: 16    Int:  6    God:
Gold:   303        SH:  0    Dex: 11    Spells: 9/9 levels left

rFire   . .          .
                       - Unarmed
rCold   . . .        (no shield)
rNeg    . . .        a - +0 animal skin
rPois   .            (helmet currently unavailable)
rElec   .            l - melded +0 cloak
rCorr   .            (gloves unavailable)
SInv    .            (boots unavailable)
Will    .....        (no amulet)
Stlth   +            f - +4 ring of protection
HPRegen 1.16/turn    G - +5 ring of evasion
MPRegen 0.11/turn

%: no passive effects
@: beast-form, on berserk cooldown, slowed, very slow
A: beast (slay +4), large, unfitting armour, claws 3, regeneration 1, shaggy fur
1, tough skin 1
a: Begin Untransformation


You were in a bailey.
You were a hulking beast.
You visited 2 branches of the dungeon, and saw 9 of its levels.
You also visited: Sewer and Bailey.

You collected 444 gold pieces.
You spent 141 gold pieces at shops.

Inventory:

Hand Weapons
 K - a +1 dagger of distortion
Missiles
 p - 16 poisoned darts
 A - 7 javelins
 D - 2 throwing nets
 L - 6 boomerangs (quivered)
Armour
 a - a +0 animal skin (worn)
 l - a +0 cloak (melded)
Jewellery
 f - a +4 ring of protection (left claw)
 j - an amulet of faith
 n - a ring of ice
 B - a +6 ring of strength
 F - a ring of see invisible
 G - a +5 ring of evasion (right claw)
Talismans
 c - a beast talisman (active)
 d - a flux talisman
Wands
 J - a wand of flame (17)
Scrolls
 e - 4 scrolls of enchant weapon
 i - 5 scrolls of enchant armour
 k - 4 scrolls of teleportation
 o - 3 scrolls of vulnerability
 q - 2 scrolls of fog
 r - a scroll of immolation
 s - 2 scrolls of noise
 t - 2 scrolls of blinking
 w - a scroll of butterflies
 y - a scroll of revelation
 C - 2 scrolls of identify
 E - a scroll of poison {unknown}
 H - a scroll of torment {unknown}
Potions
 b - 3 potions of lignification
 g - 2 potions of berserk rage
 h - a potion of curing
 m - 7 potions of might
 u - 2 potions of heal wounds
 v - a potion of magic
 x - 3 potions of brilliance
 z - 5 potions of haste
 I - a potion of degeneration {unknown}
 M - a potion of cancellation {unknown}
 N - a potion of mutation {unknown}


   Skills:
 + Level 6.2 Fighting
 - Level 5.0 Throwing
 - Level 5.0 Dodging
 - Level 10.2 Unarmed Combat
 - Level 7.0 Shapeshifting


You had 9 spell levels left.
You didn't know any spells.
Your spell library contained the following spells:

 Spells                   Type           Power      Damage    Failure   Level
 Magic Dart               Conj           0%         1d3       45%         1
 Blink                    Tloc           0%         N/A       58%         2
 Call Imp                 Summ           0%         N/A       58%         2
 Inner Flame              Hex/Fire       0%         N/A       83%         3
 Irradiate                Conj/Alch      0%         3d11      100%        5
 Ignition                 Fire           0%         3d3       100%        8


Dungeon Overview and Level Annotations

Branches:
Dungeon (8/15)             Temple (1/1) D:6           Sewer (visited)
 Bailey (1/1)
   Lair: D:8-11

Altars:
Ashenzari
Cheibriados
Dithmenos
Elyvilon
Fedhas
Gozag
Hepliaklqana
Kikubaaqudgha
Makhleb
Nemelex Xobeh
Okawaru
Qazlal
Sif Muna
Trog
Uskayaw
Vehumet
Wu Jian
Xom
Yredelemnul
Zin
The Shining One

Shops:
D:6 ??


Innate Abilities, Weirdness & Mutations

You are a hulking beast.
Your limbs bulge with bestial killing power. (Slay +4)
You are too large for most types of armour.
You have claws for hands.
Your natural rate of healing is unusually fast.
You are covered in fur. (AC +1)
You have tough skin. (AC +1)


Message History

You feel a strong urge to attack something.
You are no longer berserk.
You are exhausted.
You feel yourself slow down.
Okay, then.
There is a fountain of clear blue water here.
You feel much better.
The orc knight no longer looks unusually strong.
The orc knight closely misses you.
You mangle the orc knight!!
The orc knight is moderately wounded.
The orc knight hits you but does no damage.
You claw the orc knight!
The orc knight is heavily wounded.
The orc knight hits you with a +0 war axe.
The orc knight completely misses you.
You claw the orc knight! Your claw misses the orc knight.
The orc knight is severely wounded.
The goblin closely misses you. The goblin misses you.
The orc knight hits you with a +0 war axe!!
* * * LOW HITPOINT WARNING * * *
The goblin misses you. The goblin hits you with a +0 hand axe.
* * * LOW HITPOINT WARNING * * *
You barely miss the orc knight.
The orc knight is severely wounded.
The orc knight closely misses you.
The hobgoblin hits you but does no damage.
The goblin closely misses you. The goblin misses you.
You scratch the orc knight. You claw the orc knight!
The orc knight is almost dead.
The orc knight misses you.
The hobgoblin hits you with a +0 hand axe.
* * * LOW HITPOINT WARNING * * *
The goblin hits you with a +0 war axe.
* * * LOW HITPOINT WARNING * * *
The goblin misses you.
You barely miss the orc knight.
The orc knight is almost dead.
The orc knight hits you with a +0 war axe!!
You die...

#.........# ..... #.........#
##.........## ... ##.........##
#.....⌠.....###)###.....⌠.....#
##.........##88.88##.........##
#.........#.......#.........#
##......)##.......##.......##
#......)))........'.......#
##.....##)..gog...##.....##
#######.....hg....#######
##.........## #.........#
##.......## #.......# ##..∩..##
#######


You could see an orc knight, a hobgoblin and 2 goblins.

Vanquished Creatures
  An orc warlord (Bailey)
  Joseph (D:7)
  Psyche (D:8)
  Grinder (D:5)
  Menkaure (D:7)
  A water moccasin (D:6)
  An acid dragon (D:7)
  12 orc warriors
  2 sky beasts
  3 black bears
  An ice beast (D:8)
  2 phantoms
  A kobold brigand (D:6)
  2 brain worms (Sewer)
  2 gnoll sergeants (D:7)
  3 bullfrogs
  4 scorpions
  A water moccasin zombie (D:6)
  A burial acolyte (D:6)
  5 wights (D:7)
  A water moccasin skeleton (D:4)
  3 howler monkeys
  4 jellies
  An orc priest (D:8)
  A bombardier beetle (D:5)
  3 hounds
  A bullfrog zombie (D:4)
  2 gnoll boudas
  4 iguanas
  2 orc wizards
  A scorpion zombie (D:4)
  5 hound zombies (D:4)
  4 hound skeletons (D:4)
  21 gnolls
  9 adders
  A river rat (Sewer)
  2 shadow imps (D:6)
  3 white imps (D:6)
  9 ufetubi
  6 adder zombies (D:4)
  An adder skeleton (D:4)
  2 ribbon worms (D:5)
  23 orcs
  14 endoplasms
  A giant cockroach (D:2)
  19 goblins
  13 hobgoblins
  8 jackals
  26 kobolds
  8 ball pythons
  2 bats (D:2)
  8 frilled lizards
  10 rats
264 creatures vanquished.

Vanquished Creatures (others)
  A human (D:6)
1 creature vanquished.

Grand Total: 265 creatures vanquished

Notes
Turn   | Place    | Note
-------+----------+-------------------------------------------
     0 | D:1      | Lungfish the Troll Shapeshifter began the quest for the
                  | Orb.
     0 | D:1      | Reached XP level 1. HP: 18/18 MP: 0/0
   266 | D:1      | Reached XP level 2. HP: 26/26 MP: 1/1
   633 | D:2      | Found a snail-covered altar of Cheibriados.
   640 | D:2      | Found a faded altar of an unknown god.
   816 | D:2      | Reached XP level 3. HP: 32/32 MP: 2/2
  1690 | D:3      | Reached skill level 4 in Unarmed Combat
  1736 | D:3      | Reached XP level 4. HP: 40/40 MP: 3/3
  1966 | D:3      | Found a sparkling altar of Nemelex Xobeh.
  1966 | D:3      | Found a white marble altar of Elyvilon.
  1967 | D:3      | Found a stormy altar of Qazlal.
  2241 | D:3      | Found a basalt altar of Yredelemnul.
  2241 | D:3      | Found a blossoming altar of Fedhas.
  2241 | D:3      | Found a radiant altar of Vehumet.
  2241 | D:3      | Found a shadowy altar of Dithmenos.
  2241 | D:3      | Found a blossoming altar of Fedhas.
  2241 | D:3      | Found a bloodstained altar of Trog.
  2261 | D:3      | Reached XP level 5. HP: 38/46 MP: 4/4
  2694 | D:4      | Noticed a black bear
  2699 | D:4      | Killed a black bear
  2700 | D:4      | Reached skill level 1 in Throwing
  2700 | D:4      | Reached skill level 5 in Unarmed Combat
  2704 | D:4      | Reached XP level 6. HP: 54/54 MP: 5/5
  2906 | D:4      | Reached skill level 6 in Unarmed Combat
  2906 | D:4      | Reached XP level 7. HP: 61/61 MP: 6/6
  2912 | D:4      | Identified the +0 pair of boots of Uskayaw's Whim {rC+
                  | Dex+3}
  3637 | D:4      | Reached skill level 7 in Unarmed Combat
  3885 | D:5      | Entered Level 5 of the Dungeon
  3893 | D:5      | Noticed Grinder
  3908 | D:5      | Killed Grinder
  3909 | D:5      | Reached skill level 5 in Throwing
  3909 | D:5      | Reached XP level 8. HP: 68/68 MP: 7/7
  3985 | D:5      | Reached skill level 5 in Shapeshifting
  4018 | D:5      | Reached skill level 8 in Unarmed Combat
  4191 | D:5      | Found a glowing drain.
  4218 | Sewer    | Entered a sewer
  4765 | D:5      | Found an iron altar of Okawaru.
  5225 | D:6      | Found an ancient bone altar of Kikubaaqudgha.
  5326 | D:6      | Found a staircase to the Ecumenical Temple.
  5349 | Temple   | Entered the Ecumenical Temple
  5403 | D:6      | Reached skill level 9 in Unarmed Combat
  5403 | D:6      | Reached XP level 9. HP: 59/75 MP: 8/8
  5459 | D:6      | Found Aboaban's Magic Scroll Shop.
  5467 | D:6      | Bought a scroll of enchant armour for 75 gold pieces
  5547 | D:6      | Found Qoufeuh's Magic Scroll Boutique.
  5555 | D:6      | Bought a scroll of identify for 22 gold pieces
  5555 | D:6      | Bought a scroll of identify for 22 gold pieces
  5555 | D:6      | Bought a scroll of identify for 22 gold pieces
  6064 | D:7      | Reached skill level 1 in Fighting
  6127 | D:7      | Noticed Joseph
  6150 | D:7      | Killed Joseph
  6151 | D:7      | Reached skill level 10 in Unarmed Combat
  6392 | D:7      | Noticed Menkaure
  6396 | D:7      | Killed Menkaure
  6804 | D:8      | Reached XP level 10. HP: 92/92 MP: 9/9
  6880 | D:8      | Found a shadowy altar of Dithmenos.
  6941 | D:8      | Noticed Psyche
  6952 | D:8      | Killed Psyche
  7082 | D:8      | Found a flagged portal.
  7112 | Bailey   | Entered a bailey
  7307 | Bailey   | Reached skill level 5 in Fighting
  7379 | Bailey   | Noticed an orc warlord
  7380 | Bailey   | Noticed an orc knight
  7397 | Bailey   | HP: 1/144 [orc warlord/+6 battleaxe (43)]
  7398 | Bailey   | Killed an orc warlord
  7399 | Bailey   | Reached skill level 5 in Dodging
  7410 | Bailey   | Mangled by an orc knight

Illustrated notes

Levels and vault maps discovered:
D:1:      wander_arrival_chamber, layout_basic, minmay_misc_feat_doors,
          skrybe_limestone_x
D:2:      layout_rooms, serial_co_window_serial, co_window_paths_b,
          co_window_of_opportunity_a, co_window_of_opportunity_a,
          co_window_corner_a, co_window_of_opportunity_a,
          co_window_of_opportunity_a, co_window_corner_b, co_window_2corner,
          co_window_broadway_b, co_window_cross_3, co_window_unsneaky_path_e,
          co_window_4corner_b, co_window_paths_d, glass_columns_b,
          glass_columns_a, glass_columns_b, glass_columns_b, glass_columns_a,
          basic_altar, shapermc_ecumenical_altar_mp_ritualfount
D:3:      cheibrodos_fertilizer, layout_basic,
          gammafunk_temple_overflow_forgotten, minmay_fountain_box,
          grunt_decor_clamped
D:4:      layout_layer_cave, serial_undead, serial_undead_f, serial_undead_d,
          serial_undead_a, serial_undead_c, serial_undead_a, serial_undead_f,
          patterned_corridor
D:5:      layout_basic, mainiacjoe_overflow_brackets,
          cheibrodos_sewer_entry_bend, minmay_misc_feat_cross,
          wad_woods_river_04, feat_on_display, uniq_grinder
D:6:      layout_loops_corners, tgw_kikubaaqudgha, minmay_temple_entry_waves,
          serial_shops, shop, shop, serial_demonic, serial_demonic_a,
          serial_demonic_e, serial_demonic_e, serial_demonic_e
D:7:      layout_loops_cross, uniq_joseph, uniq_menkaure
D:8:      layout_basic, mainiacjoe_overflow_alcove_1, enter_bailey_5,
          eino_small_chamber_without_monster, uniq_psyche
Temple:   nicolae_temple_superstar
Bailey:   bailey_axe_minmay_hex_keep, bailey

Skill      XL: |  1  2  3  4  5  6  7  8  9 10 |
---------------+-------------------------------+-----
Unarmed Combat | 4 5 6 7 9 10 | 10.2
Shapeshifting  | 4 6 7 |  7.0
Throwing       | 1 3 5 |  5.0
Fighting       | 4 6 |  6.2
Dodging        | 3 5 |  5.0

Action                     |  1- 3 |  4- 6 |  7- 9 | 10-12 || total
---------------------------+-------+-------+-------+-------++-------
  Melee: Unarmed           |    71 |    95 |   359 |   133 ||   658
         Punch             |     1 |     3 |    17 |     6 ||    27
  Throw: Dart              |       |       |     5 |       ||     5
         Boomerang         |       |       |       |     7 ||     7
Ability: Begin Untransform |     1 |       |     1 |       ||     2
  Evoke: Wand              |       |       |     2 |       ||     2
    Use: Scroll            |       |     5 |    11 |       ||    16
         Potion            |       |       |       |     2 ||     2
   Stab: Sleeping          |     1 |       |     1 |       ||     2
 Armour: Animal skin       |    45 |    61 |   222 |    62 ||   390
  Dodge: Dodged            |    32 |    33 |   129 |    64 ||   258
   Form: Beast             |     1 |       |     1 |       ||     2
